 Dungeon Crawl Stone Soup version 0.25-a0-316-gd28d56f9c5 (webtiles) character file.

Game seed: 9045317112618446141, levelgen mode: deterministic

384 sankara the Firebug (level 6, 0/32 HPs)
             Began as a Gargoyle Fire Elementalist on Dec 24, 2019.
             Was an Initiate of Gozag.
             Slain by an orc wizard
             ... wielding a +0 dagger
              (1 damage)
             ... on level 4 of the Dungeon.
             The game lasted 00:23:45 (3737 turns).

sankara the Firebug (Gargoyle Fire Elementalist)    Turns: 3737, Time: 00:23:46

Health: 0/32       AC:  9    Str: 12    XL:     6   Next: 77%
Magic:  4/9        EV: 12    Int: 17    God:    Gozag
Gold:   204        SH:  0    Dex: 10    Spells: 2/9 levels left

rFire    . . .     SeeInvis .   h - +0 whip
rCold    . . .     Gourm    .   (no shield)
rNeg     + . .     Faith    .   a - +0 robe
rPois    ∞         Spirit   .   (no helmet)
rElec    +         Reflect  .   v - +1 cloak
rCorr    .         Harm     .   l - +0 pair of gloves
MR       .....                  (no boots)
Stlth    +++.......             (no amulet)
HPRegen  0.10/turn              e - ring of wizardry {Wiz+, !d}
MPRegen  0.11/turn              d - ring of stealth {Stlth+}

@: gold aura
A: negative energy resistance 1, electricity resistance, unbreathing,
petrification resistance, rot immunity, AC +4
a: Potion Petition, Call Merchant, Bribe Branch, Renounce Religion


You were on level 4 of the Dungeon.
You worshipped Gozag.
Gozag was aware of your devotion.
You were not hungry.

You visited 1 branch of the dungeon, and saw 4 of its levels.

You collected 253 gold pieces.
You paid 49 gold pieces to Gozag.

Inventory:

Hand Weapons
 g - a +0 hand axe
   (You found it on level 1 of the Dungeon)
 h - a +0 whip (weapon)
   (You found it on level 1 of the Dungeon)
 w - a +2 hand axe of electrocution
   (You took it off an orc on level 3 of the Dungeon)
Armour
 a - a +0 robe (worn)
 l - a +0 pair of gloves (worn)
   (You found it on level 1 of the Dungeon)
 s - the +0 ring mail of the Special People {rCorr}
   (You found it on level 4 of the Dungeon)

   It provides partial protection from all sources of acid and corrosion.
 v - a +1 cloak (worn)
   (You found it on level 3 of the Dungeon)
Jewellery
 d - a ring of stealth (right hand) {Stlth+}
   (You found it on level 1 of the Dungeon)
 e - a ring of wizardry (left hand) {Wiz+, !d}
   (You found it on level 1 of the Dungeon)
 n - an uncursed ring of see invisible {sInv, !d}
   (You found it on level 2 of the Dungeon)
 x - an uncursed ring of wizardry {Wiz+, !d}
   (You found it on level 3 of the Dungeon)
Scrolls
 b - 8 scrolls of identify {unknown}
 j - a scroll of fear {unknown}
 k - 2 scrolls of teleportation {unknown}
 o - a scroll of blinking {unknown}
 p - a scroll of enchant weapon {unknown}
 q - a scroll of amnesia {unknown}
 r - 2 scrolls of magic mapping {unknown}
 t - a scroll of fog {unknown}
 u - a scroll of remove curse {unknown}
Potions
 f - a potion of agility {unknown}
 i - a potion of cancellation {unknown}
 m - a potion of mutation {unknown}
Comestibles
 c - 5 rations


   Skills:
 + Level 2.9 Dodging
 - Level 2.2 Stealth
 + Level 2.2 Spellcasting
 + Level 4.6 Conjurations
 + Level 5.0 Fire Magic


You had 2 spell levels left.
You knew the following spells:

 Your Spells              Type           Power        Failure   Level  Hunger
a - Foxfire               Conj/Fire      ###.         1%          1    #......
b - Conjure Flame         Conj/Fire      ###.....     3%          3    ###....
c - Inner Flame           Hex/Fire       ##......     9%          3    ###....

Your spell library contained the following spells:

 Spells                   Type           Power        Failure   Level  Hunger
 Sticky Flame             Conj/Fire      ###.....     11%         4    #####..
 Fireball                 Conj/Fire      ###.......   28%         5    ######.


Dungeon Overview and Level Annotations

Branches:
Dungeon (4/15)
 Temple: D:4-7

Altars:
Gozag
Trog
Yredelemnul

Annotations:
D:4 Robin


Innate Abilities, Weirdness & Mutations

You are resistant to torment.
Your stone body is resilient. (AC +4)
You are immune to poison.
You resist negative energy. (rN+)
You are resistant to electric shocks. (rElec)
You can survive without breathing.
You are immune to petrification.
You are immune to rotting.


Message History

The orc wizard completely misses you.
Press: ? - help, v - describe, . - travel
Here: Robin, wielding a +0 dagger, wearing a +0 animal skin and wearing a +0 helmet The floor.
The orc wizard gestures wildly while chanting.
The orc wizard blinks!
The orc wizard gestures at you while chanting.
The magic dart hits you.
The orc wizard gestures wildly while chanting.
The orc wizard blinks!
There is a stone staircase leading up here.
The orc wizard gestures wildly while chanting.
The orc wizard blinks!
The orc hits you but does no damage.
You climb upwards.
There is a stone staircase leading down here.
Casting: Foxfire (safe; 1% risk of failure)
Confirm with . or Enter, or press ? or * to list all spells.
You conjure some foxfire!
The orc barely misses you.
You closely miss the orc.
The orc is severely wounded.
The foxfire hits the orc.
You kill the orc!
Your foxfire dissipates!
You now have 204 gold pieces (gained 5).
You see here a +0 ring mail.
There is a stone staircase leading down here.
You start resting.
Magic restored.
HP restored.
You climb downwards.
Level annotation: Robin The gnoll hits you but does no damage.
Robin roars a battlecry!
The goblin goes into a battle-frenzy!
The orc hits you with a +0 hand axe.
The orc wizard casts a spell.
The orc wizard seems to speed up.
You hear a shout!
There is a stone staircase leading up here.
Casting: Foxfire (safe; 1% risk of failure)
Confirm with . or Enter, or press ? or * to list all spells.
You conjure some foxfire!
The gnoll closely misses you.
The foxfire hits the orc!
You kill the orc!
The orc completely misses you.
The orc wizard gestures wildly while chanting.
The orc wizard blinks!
Casting: Foxfire (safe; 1% risk of failure)
Confirm with . or Enter, or press ? or * to list all spells.
You conjure some foxfire!
The foxfire hits the gnoll shaman.
The gnoll shaman is lightly wounded.
The gnoll misses you.
The orc wizard gestures at you while chanting.
The magic dart hits you! The orc misses you.
The orc closely misses your foxfire. The gnoll shaman completely misses you.
Casting: Foxfire (safe; 1% risk of failure)
Confirm with . or Enter, or press ? or * to list all spells.
You conjure some foxfire!
The foxfire hits the orc.
The orc is heavily wounded.
The foxfire hits the orc wizard.
The orc wizard is lightly wounded.
The foxfire hits the orc wizard.
The orc wizard is moderately wounded.
A goblin comes into view. It is wielding a +0 dagger.
The gnoll closely misses you. The orc closely misses you.
The gnoll hits you but does no damage. The gnoll shaman barely misses you.
Casting: Foxfire (safe; 1% risk of failure)
Confirm with . or Enter, or press ? or * to list all spells.
You conjure some foxfire!
The foxfire hits the orc wizard but does no damage.
The orc wizard is moderately wounded.
The orc wizard hits you with a +0 dagger.
The gnoll completely misses you. The gnoll misses you.
The orc hits you but does no damage.
The orc hits your foxfire with a +0 hand axe.
A goblin comes into view. It is wielding a +0 club.
The gnoll shaman barely misses you.
Casting: Foxfire (safe; 1% risk of failure)
Confirm with . or Enter, or press ? or * to list all spells.
You conjure some foxfire!
The foxfire hits the orc wizard.
The orc wizard is moderately wounded.
The foxfire hits the orc!
You kill the orc!
The orc wizard hits you but does no damage.
The gnoll hits you from afar with a +0 spear.
The gnoll hits you with a cursed +0 club.
* * * LOW HITPOINT WARNING * * *
The orc wizard casts a spell at you. The magic dart hits you.
* * * LOW HITPOINT WARNING * * *
The gnoll shaman closely misses you. Robin throws the goblin at you!
* * * LOW HITPOINT WARNING * * *
Unknown command.
The foxfire hits the orc wizard.
The orc wizard is heavily wounded.
The foxfire hits the orc wizard.
The orc wizard is severely wounded.
The orc wizard hits you with a +0 dagger.
You die...
Your body crumbles into a pile of gold.

................ ...
.$.....!....... ...
#....$.$## #.####...
...#.#....###.##...#
#...##.##..#..#.###.#
.>....gg...g.).........≈
.###..##g..g.......##
...# #..g.g....### ..#.
#....g@o..# ...##
#....$.g..# ##
#.........# $
#............
...............
..#........$##...
....).......# #..
...........# ##


You could see a gnoll shaman, Robin, an orc wizard, 3 gnolls and 4 goblins.

Vanquished Creatures
  A bullfrog (D:3)
  The ghost of p0werm0de the Charlatan, a weakling OpAr (D:3)
  An orc priest (D:3)
  A worker ant (D:4)
  A gnoll (D:4)
  10 adders
  An ooze (D:2)
  2 worms (D:2)
  4 dart slugs
  5 leopard geckos
  12 orcs
  3 giant cockroaches (D:1)
  14 goblins
  5 hobgoblins
  4 jackals (D:3)
  6 kobolds
  A quokka (D:3)
  12 bats
  9 frilled lizards
  9 rats
102 creatures vanquished.

Vanquished Creatures (others)
  272 foxfires
272 creatures vanquished.

Grand Total: 374 creatures vanquished

Notes
Turn   | Place    | Note
-------+----------+-------------------------------------------
     0 | D:1      | sankara the Gargoyle Fire Elementalist began the quest for
                  | the Orb.
     0 | D:1      | Reached XP level 1. HP: 10/10 MP: 3/3
   136 | D:1      | Reached XP level 2. HP: 15/15 MP: 0/5
   374 | D:1      | Reached skill level 2 in Conjurations
   465 | D:1      | Reached XP level 3. HP: 19/19 MP: 4/6
   958 | D:2      | Reached skill level 2 in Dodging
  1052 | D:2      | Reached XP level 4. HP: 24/24 MP: 2/7
  1421 | D:2      | Reached skill level 3 in Conjurations
  1421 | D:2      | Reached skill level 4 in Fire Magic
  1496 | D:2      | Learned a level 3 spell: Conjure Flame
  1500 | D:2      | Learned a level 3 spell: Inner Flame
  2052 | D:3      | Reached XP level 5. HP: 28/28 MP: 4/8
  2339 | D:3      | Found a basalt altar of Yredelemnul.
  2500 | D:3      | Reached skill level 4 in Conjurations
  2500 | D:3      | Reached XP level 6. HP: 17/32 MP: 5/9
  2650 | D:3      | Found a runed translucent gate.
  2650 | D:3      | Found a runed translucent gate.
  2650 | D:3      | Found a runed translucent gate.
  2650 | D:3      | Found an opulent altar of Gozag.
  2651 | D:3      | Noticed p0werm0de's ghost (weakling OpAr)
  2708 | D:3      | Killed p0werm0de's ghost
  2839 | D:3      | Became a worshipper of Gozag Ym Sagoz the Greedy
  3092 | D:3      | Found a bloodstained altar of Trog.
  3107 | D:3      | Reached skill level 5 in Fire Magic
  3405 | D:4      | Got a crude ring mail
  3428 | D:3      | Identified the +0 ring mail of the Special People {rCorr}
                  | (You found it on level 4 of the Dungeon)
  3545 | D:4      | Noticed Robin
  3736 | D:4      | HP: 7/32 [gnoll/cursed +0 club (3)]
  3736 | D:4      | HP: 2/32 [orc wizard/magic dart (5)]
  3737 | D:4      | Slain by an orc wizard

Levels and vault maps discovered:
D:1:      minmay_arrival_open_corners, layout_basic, minmay_lizard_king
D:2:      layout_basic
D:3:      layout_loops_corners, lightli_temple_of_fire, marbit_many_paths,
          first_ration, ebering_ghost_gozag
D:4:      layout_rooms, serial_shops, nicolae_shop_crystal,
          nicolae_shop_waterfront, minmay_misc_feat_x, tso_metal_star,
          uniq_robin

Skill      XL: |  1  2  3  4  5  6 |
---------------+-------------------+-----
Conjurations   | 2 3 4 |  4.6
Dodging        | 2 |  2.9
Fire Magic     | 4 5 |  5.0
Stealth        | |  2.2
Spellcasting   | |  2.2

Action                   |  1- 3 |  4- 6 || total
-------------------------+-------+-------++-------
Melee: Whip              |     4 |    37 ||    41
 Cast: Foxfire           |    59 |   111 ||   170
       Conjure Flame     |       |     3 ||     3
 Stab: Sleeping          |       |     1 ||     1
  Eat: Chunk             |     1 |     8 ||     9
       Ration            |       |     1 ||     1
Armor: Robe              |     7 |    42 ||    49
Dodge: Dodged            |    22 |    76 ||    98

Table legend:
 A = Non-vault XP
 B = Vault XP
 C = Vault XP percentage of total XP
 D = Non-vault monster count
 E = Vault monster count
 F = Vault count percentage of total count
                 A         B        C        D         E       F
            +---------+---------+-------+---------+---------+-------
      Total |     450 |      99 |  18.0 |      87 |      15 |  14.7
            +---------+---------+-------+---------+---------+-------
        D:1 |      46 |       7 |  13.2 |      26 |       5 |  16.1
        D:2 |      91 |       0 |   0.0 |      19 |       0 |   0.0
        D:3 |     255 |      87 |  25.4 |      37 |       7 |  15.9
        D:4 |      58 |       5 |   7.9 |       5 |       3 |  37.5
            +---------+---------+-------+---------+---------+-------

Levels and vault maps discovered:
D:1:      minmay_arrival_open_corners, layout_basic, minmay_lizard_king
D:2:      layout_basic
D:3:      layout_loops_corners, lightli_temple_of_fire, marbit_many_paths,
          first_ration, ebering_ghost_gozag
D:4:      layout_rooms, serial_shops, nicolae_shop_crystal,
          nicolae_shop_waterfront, minmay_misc_feat_x, tso_metal_star,
          uniq_robin

Table legend:
 A = Turns spent in this place as a percentage of turns spent in the entire game.
 B = Non-inter-level travel turns spent in this place as a percentage of non-inter-level travel turns spent in the entire game.
 C = Inter-level travel turns spent in this place as a percentage of turns spent in this place.
 D = Turns resting spent in this place as a percentage of non-inter-level travel turns spent in this place.
 E = Turns spent auto-exploring this place as a percentage of non-inter-level travel turns spent in this place.
 F = Non-inter-level travel turns spent in this place divided by the number of levels of this place that you've seen.
                   A       B       C       D       E      F
               +-------+-------+-------+-------+-------+----------------------
         Total | 100.0 | 100.0 |   3.1 |  34.1 |  41.8 | 905.8
       Dungeon | 100.0 | 100.0 |   3.1 |  34.1 |  41.8 | 905.8
               +-------+-------+-------+-------+-------+----------------------

Table legend:
 A = Kills in this place as a percentage of kills in entire the game.
 B = Kills by you in this place as a percentage of kills by you in the entire game.
 C = Kills by friends in this place as a percentage of kills by friends in the entire game.
 D = Other kills in this place as a percentage of other kills in the entire game.
 E = Experience gained in this place as a percentage of experience gained in the entire game.
 F = Experience gained in this place divided by the number of levels of this place that you have seen.
                   A       B       C       D       E      F
               +-------+-------+-------+-------+-------+----------------------
         Total | 100.0 | 100.0 |   N/A |   N/A | 100.0 | 137.2
       Dungeon | 100.0 | 100.0 |   N/A |   N/A | 100.0 | 137.2
               +-------+-------+-------+-------+-------+----------------------
